Map: Tropical Sacrifice

Players

Zain

  • Race: Protoss Protoss
  • League: Master
  • Spawn Location: 1:00

Scarlett - Winner!

  • Race: Zerg Zerg
  • Spawn Location: 7:00

Event: HomeStory Cup XXII

VOD

Have the link to the VOD?

Description

Time

  • Played on: Dec. 16, 2022, 4:27 p.m.
  • Length: 14:04

All games in this series

Show
View Real Time Build Order
Export as new Build Order

Zain Protoss 

Build Orders: Oracle Opening, Carriers 

Get SALT Encoding   

  12  0:00  Probe  
  13  0:12  Probe  
  14  0:20  Pylon  
  14  0:24  Probe  
  15  0:38  Probe (Chrono Boost)  
  15  0:41  Gateway  
  16  0:47  Probe (Chrono Boost)  
  16  0:48  Assimilator  
  17  0:52  Probe  
  18  1:04  Probe  
  19  1:15  Pylon  
  19  1:16  Probe  
  20  1:26  Pylon  
  20  1:27  Zealot (Chrono Boost)  
  20  1:28  Cybernetics Core  
  20  1:32  Probe  
  23  1:44  Probe  
  23  1:46  Zealot  
  26  1:56  Probe  
  25  2:25  Probe  
  25  2:26  Adept (Chrono Boost)  
  25  2:27  Nexus  
  28  2:40  Stargate  
  28  2:43  Pylon  
  28  2:46  Probe  
  29  2:54  Adept  
  31  2:58  Assimilator  
  31  3:02  Probe  
  32  3:14  Probe  
  33  3:21  Oracle (Chrono Boost)  
  36  3:33  Probe  
  37  3:43  Probe  
  37  3:46  Probe  
  39  3:53  Nexus  
  39  3:57  Probe  
  39  4:01  Oracle (Chrono Boost)  
  40  4:05  Probe  
  40  4:09  Probe  
  45  4:17  Probe  
  45  4:21  Probe, Pylon  
  45  4:23  Pylon  
  47  4:29  Probe  
  47  4:30  Twilight Council  
  48  4:33  Probe  
  49  4:41  Probe  
  49  4:44  Gateway  
  51  4:45  Probe  
  51  4:46  Oracle (Chrono Boost)  
  54  4:54  Probe  
  54  4:59  Warp Gate (Chrono Boost)  
  55  5:02  Probe (Chrono Boost)  
  56  5:08  Gateway x2  
  58  5:15  Probe (Chrono Boost)  
  58  5:16  Probe (Chrono Boost)  
  58  5:17  Pylon  
  58  5:18  Charge (Chrono Boost), Probe (Chrono Boost)  
  59  5:23  Probe (Chrono Boost)  
  59  5:25  Probe (Chrono Boost)  
  59  5:26  Probe (Chrono Boost)  
  62  5:30  Probe  
  62  5:32  Gateway  
  62  5:35  Probe  
  64  5:37  Probe  
  64  5:42  Probe  
  68  5:43  Stalker  
  68  5:45  Stalker  
  68  5:47  Probe  
  71  5:50  Probe, Pylon  
  71  5:54  Probe  
  73  5:59  Probe  
  73  6:03  Probe  
  75  6:04  Gateway  
  75  6:06  Gateway  
  75  6:07  Probe, Gateway  
  76  6:14  Templar Archives, Pylon  
  76  6:16  Probe  
  77  6:18  Probe  
  78  6:30  Nexus  
  78  6:31  Probe  
  79  6:37  Probe  
  80  6:40  Assimilator  
  80  6:41  Zealot x5  
  80  6:42  Assimilator  
  80  6:43  Probe  
  91  6:48  Probe  
  91  6:51  Probe  
  93  6:54  Forge  
  93  6:58  Probe  
  93  7:00  Probe  
  95  7:06  Blink (Chrono Boost)  
  96  7:08  Probe  
  96  7:09  Stalker x2  
  96  7:10  Probe  
  96  7:12  Pylon  
  96  7:13  Shield Battery, Pylon  
  96  7:14  Pylon  
  96  7:15  Protoss Ground Weapons Level 1 (Chrono Boost)  
  101  7:22  Probe  
  100  7:27  Pylon  
  100  7:28  Pylon  
  100  7:42  Stalker  
  100  7:43  Stalker x7  
  116  7:48  Probe x4  
  120  8:00  Probe x2, Pylon  
  122  8:15  Nexus  
  122  8:16  Stalker x2  
  122  8:17  Stalker x4  
  134  8:21  Probe  
  135  8:33  Zealot x2  
  139  8:37  Pylon  
  139  8:39  Pylon  
  139  8:41  Pylon  
  139  8:42  Robotics Facility  
  139  8:45  Pylon  
  139  8:48  Probe x4  
  143  8:54  Photon Cannon  
  143  9:00  Probe  
  140  9:11  Fleet Beacon  
  140  9:15  Stargate  
  140  9:16  Assimilator x2  
  140  9:17  Probe  
  141  9:18  Stargate  
  141  9:20  Assimilator x2  
  141  9:21  Probe  
  142  9:24  Photon Cannon  
  142  9:25  Photon Cannon  
  142  9:27  Photon Cannon  
  142  9:29  Shield Battery x2  
  142  9:30  Assimilator  
  142  9:31  Pylon  
  142  9:32  Photon Cannon  
  142  9:34  Assimilator  
  142  9:40  Probe  
  143  9:48  Protoss Ground Weapons Level 2  
  143  9:51  Probe x3  
  146  9:54  Probe  
  146  9:56  Protoss Air Weapons Level 1 (Chrono Boost)  
  146  9:57  Photon Cannon  
  146  9:59  Shield Battery  
  147  10:00  Probe  
  147  10:01  Pylon  
  147  10:02  Carrier (Chrono Boost)  
  147  10:04  Observer  
  161  10:20  Zealot x8  
  183  10:25  Carrier (Chrono Boost)  
  183  10:27  Carrier (Chrono Boost)  
  182  10:33  Probe  
  167  10:58  Carrier (Chrono Boost)  
  167  11:03  Pylon  
  167  11:06  Pylon  
  167  11:16  Nexus  
  167  11:18  Carrier (Chrono Boost)  
  179  11:19  Carrier (Chrono Boost), Zealot x5  
  188  11:35  Zealot x2  
  188  11:36  Zealot  
  194  11:42  Pylon  
  194  11:46  Assimilator  
  200  11:48  Assimilator  
  200  11:50  Zealot x3  
  200  11:52  Pylon  
  200  11:56  Carrier (Chrono Boost)  
  194  12:10  Zealot x3  
  194  12:11  Zealot x2  
  184  12:31  Carrier (Chrono Boost), Photon Cannon, Probe x2  
  184  12:32  Probe, Photon Cannon  
  184  12:33  Photon Cannon  
  184  12:36  Photon Cannon  
  199  12:38  Shield Battery  
  199  12:40  Carrier (Chrono Boost)  
  199  12:45  Photon Cannon  
  199  12:47  Photon Cannon  
  199  12:49  Photon Cannon  
  199  12:50  Photon Cannon  
  199  12:51  Photon Cannon  
  199  12:55  Shield Battery  
  199  12:59  Photon Cannon  
  199  13:03  Photon Cannon  
  199  13:04  Shield Battery  
  199  13:09  Shield Battery  
  148  13:51  Stalker x3  
  148  13:52  Zealot, Stalker x2  
  148  13:53  Zealot x5  
Show
View Real Time Build Order
Export as new Build Order

Scarlett Zerg - Winner!

Build Orders: Pool First, Lurkers 

Get SALT Encoding   

  12  0:17  Spawning Pool  
  11  0:23  Drone  
  11  0:28  Drone  
  13  0:32  Drone  
  14  0:41  Overlord  
  14  1:04  Zergling x4  
  14  1:06  Zergling x2, Queen  
  19  1:16  Zergling x2  
  20  1:27  Zergling x2  
  21  1:36  Hatchery  
  20  1:43  Overlord  
  20  1:56  Drone  
  21  2:08  Drone  
  21  2:09  Queen  
  23  2:18  Drone x3  
  22  2:23  Drone  
  23  2:34  Extractor  
  22  2:37  Drone  
  22  2:39  Drone  
  24  2:45  Queen  
  24  2:49  Queen  
  29  2:58  Drone x2  
  29  3:01  Zergling x2  
  29  3:03  Zergling x2  
  32  3:07  Zergling x2  
  32  3:10  Zergling x2  
  34  3:15  Overlord  
  34  3:25  Drone x2  
  36  3:37  Drone x4  
  40  3:42  Metabolic Boost  
  40  3:48  Overlord  
  40  3:53  Drone x2  
  40  3:55  Drone x2  
  44  4:06  Overlord  
  45  4:10  Drone x4  
  45  4:15  Drone  
  48  4:23  Hatchery  
  47  4:28  Drone x3  
  49  4:40  Drone x6  
  49  4:43  Queen  
  57  4:51  Lair, Extractor  
  57  4:52  Extractor  
  55  4:55  Roach Warren  
  55  4:59  Drone x3  
  55  5:06  Overlord  
  54  5:09  Drone x4  
  58  5:19  Drone, Evolution Chamber  
  58  5:21  Spore Crawler  
  57  5:23  Queen  
  57  5:26  Drone x3  
  62  5:41  Drone x5  
  67  5:43  Roach x3  
  67  5:45  Zerg Missile Weapons Level 1  
  73  5:50  Overlord  
  73  5:54  Overlord x2  
  73  6:00  Overlord x2  
  73  6:01  Overseer  
  74  6:04  Drone  
  74  6:22  Drone x8  
  82  6:31  Drone, Roach x4  
  82  6:32  Infestation Pit  
  90  6:33  Hatchery  
  89  6:40  Spore Crawler, Extractor  
  89  6:41  Drone x4, Extractor  
  89  6:42  Drone x2  
  89  6:45  Roach  
  94  6:48  Zergling x2  
  95  6:55  Roach x5  
  95  6:58  Roach x3  
  111  7:04  Hydralisk Den, Roach  
  111  7:06  Extractor  
  111  7:11  Overlord  
  111  7:12  Overlord x3  
  111  7:17  Hive  
  111  7:28  Queen  
  113  7:33  Drone x2  
  113  7:35  Hydralisk x4  
  113  7:36  Lurker Den  
  122  7:39  Overseer  
  122  7:42  Spore Crawler, Drone x6  
  127  7:46  Zerg Missile Weapons Level 2  
  127  7:50  Drone x3  
  130  7:55  Drone x4  
  134  8:02  Roach x4  
  134  8:04  Ravager  
  134  8:05  Ravager  
  144  8:08  Roach x2  
  144  8:09  Overlord  
  148  8:14  Overlord  
  148  8:15  Overlord x2  
  148  8:18  Overlord  
  148  8:19  Overlord  
  148  8:26  Overlord x2  
  154  8:34  Lurker x3  
  154  8:36  Lurker  
  154  8:37  Seismic Spines  
  154  8:40  Roach, Extractor x2  
  154  8:41  Roach x2  
  156  8:44  Zergling x20  
  156  8:48  Glial Reconstitution  
  166  8:53  Spine Crawler  
  162  8:56  Spine Crawler  
  162  8:57  Drone x2  
  162  8:58  Drone x6  
  167  9:09  Muscular Augments  
  167  9:11  Evolution Chamber  
  164  9:23  Drone x6  
  170  9:25  Hydralisk x5  
  170  9:30  Extractor  
  179  9:31  Hatchery  
  179  9:33  Overseer, Extractor  
  179  9:34  Pneumatized Carapace  
  179  9:36  Hydralisk x4  
  185  9:43  Spire  
  185  9:45  Adaptive Talons  
  184  9:47  Drone x3  
  184  9:48  Drone x2  
  184  9:49  Drone  
  190  9:57  Hydralisk  
  190  9:58  Hydralisk x3  
  198  10:01  Zerg Ground Armor Level 1  
  198  10:06  Zerg Melee Weapons Level 1  
  198  10:10  Drone x2  
  176  10:39  Lurker x3, Hatchery  
  176  10:40  Lurker x3  
  174  10:45  Spire  
  172  10:53  Drone x3  
  172  10:54  Drone x6  
  172  10:56  Adrenal Glands  
  181  10:58  Greater Spire  
  181  11:10  Spire  
  181  11:11  Zergling x18  
  184  11:27  Spine Crawler  
  184  11:28  Spine Crawler  
  184  11:29  Spine Crawler  
  184  11:30  Spine Crawler  
  178  11:39  Corruptor x3, Viper x2  
  188  11:53  Corruptor x2  
  188  11:54  Corruptor x2  
  190  11:55  Drone  
  190  12:00  Spore Crawler  
  196  12:01  Spore Crawler  
  196  12:02  Spore Crawler x2  
  185  12:28  Corruptor x5  
  195  12:35  Spore Crawler  
  195  12:36  Spore Crawler x3  
  189  12:39  Corruptor x2  
  189  12:42  Spore Crawler, Drone x7  
  189  12:43  Spore Crawler x2  
  197  12:50  Spore Crawler x2, Drone  
  197  12:51  Drone x4  
  200  12:53  Spore Crawler  
  200  12:54  Spore Crawler x2  
  200  12:56  Spore Crawler x2  
  200  12:58  Spore Crawler  
  194  12:59  Spore Crawler  
  194  13:00  Spore Crawler  
  192  13:11  Corruptor x4  
  198  13:23  Spore Crawler  
  198  13:24  Spore Crawler x2, Overseer x3  
  198  13:25  Spore Crawler  
  198  13:26  Spore Crawler  
  193  13:27  Spore Crawler  
Tags
 
Add a new tag
Caveats
  • Supply blocks, unpowered buildings, or Contaminate may cause inaccurate times.
  • Supply counts are checked every 10 seconds.